 Dungeon Crawl Stone Soup version 0.30-a0-920-g7493c07aab (webtiles) character file.

Game seed: 14903563660627751891

1116 Frigobar the Ruffian (level 8, 0/69 (78) HPs)
             Began as a Troll Berserker on Mar 21, 2023.
             Was a Believer of Trog.
             Slain by a wight
             ... wielding a +0 trident
              (9 damage)
             ... on level 6 of the Dungeon.
             The game lasted 00:14:29 (4310 turns).

Frigobar the Ruffian (Troll Berserker)              Turns: 4310, Time: 00:14:29

HP:   0/69 (78)     AC:  4    Str: 28    XL:     8   Next: 12%
MP:   7/7           EV: 10    Int:  9    God:    Trog [**....]
Gold: 204           SH:  0    Dex:  9    Spells: 7/7 levels left

rFire   . . .      SeeInvis .      - Unarmed
rCold   . . .      Faith    +    (no shield)
rNeg    . . .      Spirit   .    a - +0 animal skin
rPois   .          Reflect  .    (helmet restricted)
rElec   .          Rampage  .    (no cloak)
rCorr   .                        (gloves unavailable)
Will    .....                    (boots unavailable)
Stlth   +                        y - amulet of faith
HPRegen 1.11/turn                w - +6 ring of intelligence
MPRegen 0.10/turn                (no ring)

@: on berserk cooldown, slowed, heavily drained, very slow
A: large, unfitting armour, claws 3, regeneration 1, shaggy fur 1, tough skin 1
a: Renounce Religion, Berserk, Trog's Hand


You were on level 6 of the Dungeon.
You worshipped Trog.
Trog was pleased with you.
You visited 1 branch of the dungeon, and saw 6 of its levels.

You collected 204 gold pieces.

Inventory:

Missiles
 t - 2 throwing nets
Armour
 a - a +0 animal skin (worn)
Jewellery
 w - a +6 ring of intelligence (left claw)
 y - an amulet of faith (around neck)
Wands
 v - a wand of paralysis (11)
Scrolls
 b - 3 scrolls of fear {unknown}
 c - 5 scrolls of identify {unknown}
 d - a scroll of silence {unknown}
 e - a scroll of noise {unknown}
 f - 2 scrolls of magic mapping {unknown}
 g - 3 scrolls of teleportation {unknown}
 h - a scroll of torment {unknown}
 j - 2 scrolls of amnesia {unknown}
 k - 3 scrolls of poison {unknown}
 o - 3 scrolls of enchant armour {unknown}
 s - a scroll of blinking {unknown}
 x - a scroll of acquirement {unknown}
Potions
 i - a potion of mutation {unknown}
 l - 2 potions of curing {unknown}
 m - a potion of lignification {unknown}
 n - a potion of might {unknown}
 p - a potion of brilliance {unknown}
 q - a potion of haste {unknown}
 r - a potion of flight {unknown}
 u - a potion of resistance {unknown}


   Skills:
 + Level 3.8 Fighting
 + Level 4.6 Dodging
 + Level 0.8 Stealth
 + Level 7.9 Unarmed Combat


You had 7 spell levels left.
You didn't know any spells.
Your spell library was empty.

Dungeon Overview and Level Annotations

Branches:
Dungeon (6/15)
 Temple: D:4-7

Altars:
Elyvilon
Fedhas
Xom


Innate Abilities, Weirdness & Mutations

You are too large for most types of armour.
You have claws for hands.
Your natural rate of healing is unusually fast.
You are covered in fur. (AC +1)
You have tough skin. (AC +1)


Message History

You are engulfed in a cloud of scalding steam.
You scratch the steam dragon. Your claw misses the steam dragon.
The steam dragon is severely wounded.
You are engulfed in a cloud of scalding steam.
The steam dragon bites you.
* * * LOW HITPOINT WARNING * * *
The steam dragon claws you but does no damage.
You closely miss the steam dragon.
The steam dragon is severely wounded.
You are engulfed in a cloud of scalding steam.
* * * LOW HITPOINT WARNING * * *
You mangle the steam dragon!!
You kill the steam dragon!
Trog accepts your kill.
The steam dragon scales are intact enough to wear.
You have reached level 8!
You feel a strong urge to attack something.
You are no longer berserk.
You are exhausted.
You feel yourself slow down.
A wight comes into view. It is wielding a +0 trident.
The wight closely misses you.
The wight hits you from afar with a +0 trident.
You feel drained.
The wight hits you from afar with a +0 trident!
* * * LOW HITPOINT WARNING * * *
You feel drained.
* * * LOW HITPOINT WARNING * * *
The wight hits you from afar with a +0 trident.
* * * LOW HITPOINT WARNING * * *
The wight hits you from afar with a +0 trident.
* * * LOW HITPOINT WARNING * * *
You feel drained.
* * * LOW HITPOINT WARNING * * *
The wight barely misses you.
The wight hits you from afar with a +0 trident.
* * * LOW HITPOINT WARNING * * *
You feel drained.
The wight hits you from afar with a +0 trident!
You die...

z.#####.######.
#.# #.# #.# #.#
#.# ##.#####[#
.....<...######.#
..........z.@...#
##.##############


You could see a wight.

Vanquished Creatures
  Prince Ribbit (D:5)
  A steam dragon (D:6)
  A water moccasin (D:5)
  An ogre (D:4)
  2 phantoms
  A gnoll sergeant (D:5)
  A scorpion (D:4)
  2 hounds (D:5)
  2 orc wizards (D:3)
  4 gnolls (D:5)
  8 adders
  An ufetubus (D:5)
  3 worms
  5 dart slugs
  17 orcs
  7 ball pythons
  4 endoplasms
  A goblin (D:2)
  8 hobgoblins
  11 jackals
  5 kobolds
  4 quokkas
  6 bats
  2 rats
98 creatures vanquished.

Vanquished Creatures (others)
  A wight (D:6)
1 creature vanquished.

Grand Total: 99 creatures vanquished

Notes
Turn   | Place    | Note
-------+----------+-------------------------------------------
     0 | D:1      | Frigobar the Troll Berserker began the quest for the Orb.
     0 | D:1      | Reached XP level 1. HP: 22/22 MP: 0/0
   393 | D:1      | Reached XP level 2. HP: 29/29 MP: 1/1
   878 | D:2      | Found a blossoming altar of Fedhas.
   965 | D:2      | Reached XP level 3. HP: 36/36 MP: 2/2
  1674 | D:3      | Reached skill level 4 in Unarmed Combat
  1738 | D:3      | Reached XP level 4. HP: 36/44 MP: 3/3
  1739 | D:3      | Reached ** piety under Trog
  1913 | D:3      | Reached XP level 5. HP: 52/52 MP: 4/4
  2134 | D:3      | Found a shimmering altar of Xom.
  2493 | D:4      | Noticed a phantom
  2506 | D:4      | Killed a phantom
  2507 | D:4      | Reached skill level 5 in Unarmed Combat
  2774 | D:4      | Reached XP level 6. HP: 61/61 MP: 5/5
  3149 | D:4      | Reached skill level 6 in Unarmed Combat
  3243 | D:5      | Entered Level 5 of the Dungeon
  3370 | D:5      | Reached XP level 7. HP: 67/67 MP: 6/6
  3696 | D:5      | Noticed Prince Ribbit
  3720 | D:5      | Killed Prince Ribbit
  3721 | D:5      | Reached skill level 7 in Unarmed Combat
  3926 | D:5      | Identified the +1 ring mail of Analysis {Harm Regen+ Str-3
                  | Int+3}
  4191 | D:6      | Found a white marble altar of Elyvilon.
  4276 | D:6      | Noticed a steam dragon
  4295 | D:6      | Killed a steam dragon
  4296 | D:6      | Reached XP level 8. HP: 27/78 MP: 7/7
  4310 | D:6      | Slain by a wight

Illustrated notes

Levels and vault maps discovered:
D:1:      dpeg_arrival_rooms_a, layout_loops_ring, grunt_decor_arrowhead
D:2:      layout_basic, basic_altar
D:3:      layout_basic, mainiacjoe_overflow_six_doors_small
D:4:      layout_basic, trog_butcher_becter
D:5:      layout_basic, gammafunk_ghost_cemetery, uniq_prince_ribbit1
D:6:      layout_loops_ring, mainiacjoe_overflow_concentric_impassable,
          minmay_temple_entry_tees, st_stairs_2

Skill      XL: |  1  2  3  4  5  6  7 |
---------------+----------------------+-----
Dodging        | 3 4 |  4.6
Unarmed Combat | 4 5 6 7 |  7.9
Fighting       | 3 |  3.8
Stealth        | |  0.8

Action                     |  1- 3 |  4- 6 |  7- 9 || total
---------------------------+-------+-------+-------++-------
  Melee: Unarmed           |    82 |   128 |    49 ||   259
         Punch             |       |     7 |     3 ||    10
 Invoke: Berserk           |       |     7 |     2 ||     9
   Stab: Sleeping          |     1 |       |       ||     1
 Armour: Animal skin       |    52 |    36 |    18 ||   106
  Dodge: Dodged            |    67 |    71 |    33 ||   171

Table legend: (Time is in decaauts)
 A = Elapsed time spent in this place.
 B = Non-inter-level travel time spent in this place.
 C = Inter-level travel time spent in this place.
 D = Time resting spent in this place.
 E = Time spent auto-exploring this place.
 F = Levels seen in this place.
 G = Mean time per level.
                   A        B        C        D        E       F      G
               +--------+--------+--------+--------+--------+-----+--------+
         Total |   4374 |   4094 |    280 |      0 |      0 |   6 |  729.0 |
       Dungeon |   4374 |   4094 |    280 |      0 |      0 |   6 |  729.0 |
               +--------+--------+--------+--------+--------+-----+--------+

Top non-repeatable levels by time:
     D:3: 1050 daAuts
     D:5: 947 daAuts
     D:4: 788 daAuts
     D:2: 756 daAuts
     D:1: 690 daAuts
     D:6: 141 daAuts
